cohdb
Replays
Latest Replays
All Replays
Popular Replays
Top Player Replays
Match Explorer
How It Works
Community
CoH3 Stats
Reddit
Sign in to upload your games and track your stats! →
Sign in with Steam
Match 45272355
Unlisted
Match 45272355
Overview
Messages
Build Orders
End
Kradschützen Motorcycle Team
Panzergrenadier Squad
Selects Armored Support Battlegroup
Panzergrenadier Squad
Panzergrenadier Squad
Panzergrenadier Squad
Construct Light Support Kompanie
Selects Salvage Kits
Selects Superior Fire Drills
2.5-tonne Medical Truck
Fire Support Elements
Veteran Squad Leaders
Construct Panzerarmee Kommand
Selects Panzer Storm
Panzer III L Medium Tank
Vehicle Survival Package
Herr Blautier
BlackMJack
EPHX_Valkyrion
E.King
TavernelloIndustries®
L4bello
deepthought
Golden_Eagle
0
0
Comments
sign in to comment!
No comments posted yet!